Map: Bel'Shir Vestige LE (Void)

Players

PolluX

  • Race: Terran Terran
  • League: Diamond
  • Spawn Location: 11:00

Musumeci - Winner!

  • Race: Zerg Zerg
  • League: Diamond
  • Spawn Location: 5:00

VOD

Have the link to the VOD?

Description

Time

  • Played on: March 12, 2017, 6:01 a.m.
  • Length: 23:32
Show
View Real Time Build Order
Export as new Build Order

PolluX Terran 

Build Orders: Mech 

Get SALT Encoding   

  12  0:00  SCV  
  13  0:12  SCV  
  14  0:17  Supply Depot  
  14  0:24  SCV  
  15  0:39  SCV  
  15  0:41  Barracks  
  16  0:44  Refinery  
  16  0:51  SCV  
  17  1:03  SCV  
  18  1:15  SCV  
  19  1:28  Barracks Reactor  
  19  1:30  Orbital Command  
  19  1:47  Command Center  
  19  1:55  SCV  
  20  2:04  Marine x2  
  20  2:07  SCV  
  23  2:09  Factory  
  23  2:15  Refinery  
  23  2:43  Supply Depot  
  23  2:53  Factory Tech Lab  
  23  3:04  SCV, Marine x2  
  26  3:05  Factory  
  26  3:08  Orbital Command  
  26  3:16  SCV  
  27  3:22  Marine x2  
  27  3:25  Siege Tank  
  32  3:29  SCV  
  33  3:34  SCV  
  33  3:41  SCV  
  35  3:46  SCV  
  35  3:48  Barracks Reactor  
  36  3:53  SCV  
  36  3:54  Supply Depot  
  37  3:57  Cyclone  
  37  4:00  Hellion x2  
  44  4:03  SCV, Armory  
  44  4:05  SCV  
  46  4:16  SCV  
  47  4:17  SCV  
  47  4:21  Hellion x2  
  52  4:26  Marine x2  
  54  4:41  Supply Depot  
  54  4:42  Supply Depot  
  54  4:43  Cyclone  
  54  4:44  Hellion  
  54  4:45  Hellion  
  61  4:54  Marine  
  62  5:02  Marine  
  63  5:12  Hellion x2, Marine  
  68  5:20  Marine  
  60  5:42  Siege Tank  
  67  5:43  Hellion x2, Marine  
  67  5:44  Marine  
  61  6:06  Marine x2  
  61  6:08  Hellion x2  
  67  6:12  Factory  
  67  6:13  Command Center  
  67  6:14  Refinery, Factory  
  67  6:15  Refinery  
  67  6:27  Hellion  
  67  6:29  Hellion  
  71  6:35  Terran Vehicle Weapons Level 1  
  71  6:36  Supply Depot  
  71  6:37  Supply Depot  
  72  6:40  SCV x2  
  72  6:43  Marine x2  
  75  6:52  SCV x2  
  77  7:03  Factory Tech Lab x2  
  77  7:04  Hellion, Siege Tank  
  77  7:05  Hellion  
  77  7:07  SCV x2  
  86  7:09  Marine x2  
  88  7:25  SCV x2  
  90  7:37  SCV  
  90  7:38  SCV  
  92  7:49  SCV  
  87  7:52  SCV  
  87  7:53  Orbital Command  
  87  7:56  Siege Tank x3  
  87  7:57  Hellion x2  
  99  8:05  Marine x2  
  99  8:12  Starport  
  100  8:37  SCV  
  100  8:38  SCV x2  
  103  8:44  Marine x2  
  103  8:47  Hellion x2  
  109  8:50  Terran Vehicle Weapons Level 2  
  109  8:57  Supply Depot  
  109  9:01  SCV x2, Siege Tank x2  
  117  9:05  Siege Tank  
  117  9:07  SCV  
  114  9:13  SCV  
  115  9:17  Widow Mine  
  115  9:18  Widow Mine  
  115  9:19  SCV  
  115  9:20  Starport Tech Lab  
  120  9:24  Fusion Core  
  120  9:25  Marine x2  
  120  9:26  Starport  
  122  9:36  Supply Depot  
  122  9:39  Refinery, Siege Tank  
  122  9:40  Refinery  
  122  9:43  Supply Depot x2  
  122  9:44  Supply Depot  
  123  9:47  Siege Tank  
  123  9:49  Siege Tank  
  112  10:01  Infernal Pre-Igniter  
  112  10:02  Drilling Claws  
  105  10:14  Siege Tank  
  108  10:15  Hellion x2  
  108  10:19  Siege Tank  
  115  10:27  Liberator  
  108  10:29  Siege Tank  
  108  10:31  Starport Reactor  
  111  10:36  Hellion x2  
  111  10:38  Advanced Ballistics  
  117  10:46  Siege Tank  
  114  10:55  Siege Tank  
  110  10:57  Hellion  
  110  10:58  Hellion  
  111  11:09  Siege Tank  
  114  11:16  SCV  
  114  11:17  SCV  
  114  11:18  Siege Tank  
  119  11:22  SCV  
  120  11:29  SCV x2  
  122  11:33  Liberator x2  
  120  11:43  SCV x3  
  120  11:44  Supply Depot  
  120  11:46  Siege Tank x2  
  125  11:47  Hellion x2  
  133  11:55  SCV x2  
  133  11:58  Liberator  
  135  12:09  Barracks  
  135  12:12  Siege Tank  
  135  12:14  Widow Mine x2  
  142  12:18  Siege Tank, Supply Depot  
  146  12:54  Liberator x3  
  126  13:08  Siege Tank x2  
  126  13:09  Hellion x2, Siege Tank  
  146  13:27  SCV x3  
  146  13:30  Command Center  
  146  13:31  Hellion  
  146  13:34  Command Center  
  150  13:37  Liberator x2  
  156  14:08  Siege Tank x2  
  156  14:09  Hellion, Siege Tank  
  169  14:10  Hellion  
  169  14:19  Engineering Bay  
  169  14:41  Siege Tank  
  169  14:42  Hellion x2, Siege Tank x2  
  159  15:53  Terran Vehicle Weapons Level 3  
  134  16:18  Siege Tank x2  
  134  16:19  Hellion x3  
  117  16:26  Liberator x3  
  96  16:40  Hellion, Siege Tank  
  110  16:50  Siege Tank  
  110  16:51  Orbital Command  
  113  16:56  Command Center  
  113  16:59  Command Center  
  113  17:08  Siege Tank  
  113  17:09  Hellion  
  113  17:10  Hellion  
  113  17:12  Siege Tank  
  113  17:13  Factory  
  123  17:17  Refinery x2, Factory  
  108  17:59  Siege Tank x2  
  108  18:00  Factory Tech Lab  
  114  18:11  Planetary Fortress  
  114  18:18  Missile Turret  
  114  18:19  Missile Turret x2  
  114  18:23  Missile Turret  
  114  18:24  Starport  
  114  18:26  Starport  
  114  18:27  Missile Turret  
  114  18:29  Command Center  
  114  18:32  Terran Ship Weapons Level 1  
  86  18:58  Siege Tank x4  
  86  18:59  Factory Tech Lab  
  87  19:30  Siege Tank  
  88  19:40  Siege Tank  
  88  19:41  Hellion x2  
  88  19:44  Hellion  
  75  19:59  Hi-Sec Auto Tracking  
  74  20:02  Hellion x3  
  74  20:05  Hellion  
  78  20:12  Hellion  
  78  20:19  Planetary Fortress  
  77  20:24  Hellion x3  
  77  20:25  Missile Turret  
  77  20:27  Hellion  
  85  20:34  Hellion  
  87  20:36  Refinery  
  87  20:37  Refinery  
  86  20:44  Missile Turret  
  86  20:45  Hellion x3  
  86  20:46  Missile Turret  
  86  20:48  Hellion  
  94  20:53  Missile Turret  
  94  21:01  Terran Vehicle And Ship Armor Level 1  
  82  21:42  Siege Tank  
  82  21:43  Siege Tank x2  
  47  22:12  Hellion x2  
  47  22:15  Siege Tank x2  
  35  22:25  SCV x2  
  35  22:26  SCV  
  37  22:40  Hellion x2  
  37  22:41  Hellion x3  
  37  22:42  Orbital Command x2  
  43  22:58  Hellion x2  
Show
View Real Time Build Order
Export as new Build Order

Musumeci Zerg - Winner!

Build Orders: Hatch First 

Get SALT Encoding   

  12  0:04  Drone  
  13  0:11  Drone  
  14  0:14  Extractor  
  14  0:15  Drone  
  15  0:41  Hatchery  
  14  0:49  Drone, Extractor  
  15  1:02  Spawning Pool  
  14  1:04  Extractor  
  14  1:06  Drone  
  14  1:11  Extractor  
  13  1:13  Drone  
  16  1:18  Overlord  
  16  1:37  Drone x2  
  16  1:39  Drone  
  19  1:48  Queen  
  19  1:50  Drone  
  19  1:54  Queen  
  22  1:57  Drone  
  25  2:04  Overlord  
  25  2:07  Drone  
  26  2:12  Drone  
  27  2:24  Queen  
  27  2:29  Queen  
  29  2:34  Overlord  
  30  2:38  Drone x3  
  30  2:40  Drone  
  34  2:45  Drone  
  34  2:46  Drone  
  36  2:54  Drone  
  37  3:00  Overlord x2  
  37  3:08  Drone x5  
  42  3:20  Extractor  
  41  3:27  Extractor  
  41  3:28  Roach Warren  
  39  3:39  Drone x2  
  39  3:40  Drone x5  
  46  3:44  Hatchery  
  46  3:47  Drone x4  
  49  3:57  Evolution Chamber x2  
  47  4:11  Spore Crawler  
  47  4:12  Spore Crawler  
  47  4:14  Spore Crawler  
  44  4:21  Roach x4  
  44  4:23  Extractor  
  51  4:42  Drone  
  51  4:43  Overlord  
  51  4:44  Overlord  
  51  4:45  Overlord  
  52  4:48  Lair  
  52  4:50  Drone, Extractor  
  52  5:03  Queen  
  52  5:04  Queen  
  56  5:09  Ravager x2  
  56  5:10  Ravager  
  55  5:22  Roach x3  
  57  5:29  Roach  
  57  5:30  Roach x2  
  60  5:39  Queen  
  55  5:59  Roach x5  
  55  6:02  Roach  
  65  6:10  Zergling x8  
  69  6:14  Queen  
  73  6:29  Drone x7  
  80  6:48  Drone x2  
  78  7:13  Drone x4  
  78  7:14  Overlord  
  78  7:15  Overlord x3  
  80  7:51  Drone x16  
  81  7:52  Drone x3  
  81  7:57  Extractor  
  95  7:58  Extractor  
  94  8:07  Zerg Missile Weapons Level 1  
  94  8:11  Glial Reconstitution, Evolution Chamber  
  93  8:13  Drone x3  
  93  8:14  Drone x3  
  93  8:15  Drone  
  93  8:19  Roach  
  100  8:24  Roach  
  100  8:25  Roach x2  
  107  8:29  Ravager x7  
  114  8:36  Overlord x3  
  114  8:37  Overlord x2  
  114  8:56  Roach x4  
  114  8:57  Roach x2  
  123  9:16  Spine Crawler, Drone x3  
  123  9:17  Spine Crawler, Drone x3  
  126  9:19  Spine Crawler  
  126  9:24  Ravager x10  
  135  9:30  Roach x6, Evolution Chamber  
  135  9:31  Roach x2  
  123  9:54  Roach  
  123  9:55  Roach x9  
  123  9:57  Ravager x3  
  134  10:09  Roach x9  
  146  10:28  Ravager x4  
  149  10:41  Roach x2  
  147  11:01  Drone  
  147  11:02  Drone x9  
  154  11:24  Overlord x4  
  154  11:25  Overlord  
  154  11:26  Zerg Missile Weapons Level 2  
  154  11:27  Zerg Ground Armor Level 1  
  154  11:30  Hatchery, Extractor  
  152  11:34  Extractor  
  149  11:49  Roach  
  149  11:50  Roach x19  
  189  12:16  Ravager x5  
  194  12:43  Roach x3  
  200  12:46  Tunneling Claws  
  200  12:48  Burrow  
  200  12:49  Infestation Pit  
  195  13:05  Roach x4  
  141  13:06  Roach x20  
  141  13:12  Ravager x5  
  168  13:49  Spore Crawler x2  
  166  13:58  Overseer  
  164  14:18  Spore Crawler  
  155  14:50  Spire  
  154  14:56  Hatchery, Extractor  
  154  14:59  Extractor  
  147  15:12  Drone x7  
  147  15:13  Drone x5  
  156  15:31  Roach x11  
  156  15:32  Roach x9  
  144  15:47  Roach  
  144  15:48  Roach x9  
  132  15:53  Ravager x10  
  132  15:54  Ravager x10  
  119  16:23  Roach  
  119  16:24  Roach x14  
  83  16:55  Ravager x5  
  83  16:56  Ravager  
  86  17:18  Roach  
  86  17:19  Roach x13  
  86  17:21  Hatchery  
  107  17:24  Extractor  
  106  17:34  Drone  
  106  17:35  Drone x8  
  112  17:53  Roach x2  
  112  17:54  Roach x11  
  118  18:06  Ravager  
  118  18:07  Roach x7  
  118  18:09  Roach x4  
  118  18:11  Roach x2  
  133  18:12  Roach  
  133  18:13  Roach x4  
  133  18:22  Ravager  
  133  18:23  Ravager x5  
  133  18:24  Roach  
  141  18:40  Roach  
  141  18:41  Roach x11  
  161  18:54  Roach x2  
  157  19:14  Roach x3  
  153  19:20  Roach  
  153  19:21  Roach x17  
  189  19:45  Roach x2  
  173  19:46  Roach x8  
  166  20:03  Roach x2  
  166  20:05  Ravager x10  
  166  20:06  Ravager  
  177  20:10  Roach x3  
  177  20:11  Infestation Pit  
  174  20:42  Roach  
  174  20:43  Roach x12  
  192  20:56  Roach x2  
  192  20:57  Roach x5  
  192  21:01  Roach x7  
  191  21:23  Roach x2  
  182  21:29  Drone x17  
  97  22:25  Hatchery  
  97  22:28  Roach  
  92  22:41  Ravager  
  92  22:42  Ravager x8  
  92  22:43  Roach x8  
  92  22:44  Roach  
Tags
 
Composition
Mech
Matchup
TvZ
Replay Pack
replay pack
Spawn Locations
Cross Positions
Add a new tag
Caveats
  • Supply blocks, unpowered buildings, or Contaminate may cause inaccurate times.
  • Supply counts are checked every 10 seconds.